 Dungeon Crawl Stone Soup version 0.24.0 (webtiles) character file.

Game seed: 10005446865205009437, levelgen mode: deterministic

197922 CyclopB the Severer (level 17, -9/173 HPs)
             Began as a Minotaur Fighter on Feb 15, 2020.
             Was a Plaything of Xom.
             Mangled by a deep troll (13 damage)
             ... led by an ironheart preserver
             ... on level 1 of the Vaults on Feb 16, 2020.
             The game lasted 04:45:17 (17124 turns).

CyclopB the Severer (Minotaur Fighter)             Turns: 17124, Time: 04:45:18

Health: -9/173     AC:  0    Str: 26    XL:     17   Next: 79%
Magic:  23/23      EV: 20    Int:  5    God:    Xom [...*..]
Gold:   3841       SH:  0    Dex: 12    Spells: 16/16 levels left

rFire    . . .     SeeInvis .   (weapon currently unavailable)
rCold    . . .     Gourm    .   (shield currently unavailable)
rNeg     . . .     Faith    .   (armour currently unavailable)
rPois    .         Spirit   .   (helmet currently unavailable)
rElec    .         Reflect  .   (cloak currently unavailable)
rCorr    .         Harm     .   (gloves currently unavailable)
MR       +....                  (boots currently unavailable)
Stlth    +.........             d - amulet of the acrobat
HPRegen  0.38/turn              (ring currently unavailable)
MPRegen  0.18/turn              (ring currently unavailable)

@: confused, about to teleport, pig-form, very quick
A: small, (retaliatory headbutt), mutation resistance 2, robust 1
}: 1/15 runes: gossamer
a: Renounce Religion


You were on level 1 of the Vaults.
You worshipped Xom.
You were a favourite toy of Xom.
You were hungry.
You were a filthy swine.
You visited 7 branches of the dungeon, and saw 29 of its levels.
You also visited: Ossuary, Bailey, Gauntlet, Ice Cave and Volcano.

You collected 4276 gold pieces.
You spent 435 gold pieces at shops.

Inventory:

Hand Weapons
 b - a +2 broad axe of venom
 u - a +1 battleaxe of flaming (melded)
Missiles
 c - 27 javelins
 h - 420 stones
 O - a throwing net
 P - 14 boomerangs (quivered)
Armour
 t - the +27 Lear's hauberk (melded)
   (You found it on level 4 of the Dungeon)
 C - the +1 chain mail of Xommoyl {rElec rC+ Int-5 Slay+4}
   (You found it on level 5 of the Dungeon)

   It affects your intelligence (-5).
   It affects your accuracy and damage with ranged weapons and melee attacks
   (+4).
   It protects you from cold.
   It insulates you from electricity.
 D - a +1 plate armour of cold resistance
 M - a +2 cloak (melded)
 R - a +1 buckler of fire resistance
Jewellery
 d - an amulet of the acrobat (around neck)
 g - a ring of see invisible (melded)
 x - a +6 amulet of reflection
 I - a +4 ring of evasion
 Q - the amulet "Gumionkukk" {Spirit MP+9 Str+4}
   (You found it in an ice cave)

   [amulet of guardian spirit]

   It causes incoming damage to be split between your health and magic.
   It affects your strength (+4).
   It affects your magic capacity (+9).
 X - a ring of positive energy (melded)
Wands
 a - a wand of digging (11)
 m - a wand of scattershot (3)
 n - a wand of iceblast (34)
 s - a wand of acid (5)
 A - a wand of paralysis (23)
 N - a wand of random effects (28)
 T - a wand of disintegration (26)
Scrolls
 i - 20 scrolls of identify
 j - 12 scrolls of remove curse
 v - 9 scrolls of teleportation
 y - 5 scrolls of enchant armour
 z - 8 scrolls of magic mapping
 B - 6 scrolls of immolation
 F - a scroll of vulnerability
 G - 3 scrolls of blinking
 H - 2 scrolls of amnesia
 L - a scroll of fog
Potions
 e - 4 potions of flight
 k - 2 potions of invisibility
 l - 6 potions of curing
 p - 2 potions of berserk rage
 q - 4 potions of mutation
 r - 4 potions of agility
 w - 2 potions of resistance
 J - 2 potions of haste
 K - 4 potions of cancellation
 V - 4 potions of might
 Y - 3 potions of heal wounds
 Z - 3 potions of ambrosia
Miscellaneous
 E - a phantom mirror
 S - a box of beasts
Comestibles
 f - 53 rations


   Skills:
 - Level 16.0 Fighting
 - Level 20.0 Axes
 + Level 12.5 Throwing
 - Level 14.0 Armour
 - Level 10.0 Dodging
 - Level 8.0 Shields
 + Level 10.1 Evocations


You had 16 spell levels left.
You didn't know any spells.
Your spell library contained the following spells:

 Spells                   Type           Power        Failure   Level  Hunger
 Animate Skeleton         Necr           N/A          47%         1    ##.....
 Confusing Touch          Hex            #.....       47%         1    ##.....
 Corona                   Hex            #......      47%         1    ##.....
 Pain                     Necr           #...         47%         1    ##.....
 Shock                    Conj/Air       #...         47%         1    ##.....
 Passwall                 Tmut/Erth      #.......     63%         2    ###....
 Poisonous Vapours        Pois/Air       #.....       63%         2    ###....
 Slow                     Hex            #.......     63%         2    ###....
 Swiftness                Chrm/Air       #.......     63%         2    ###....
 Confuse                  Hex            #.......     85%         3    ####...
 Conjure Flame            Conj/Fire      #.......     85%         3    ####...
 Gell's Gravitas          Tloc           #.........   85%         3    ####...
 Inner Flame              Hex/Fire       #.......     85%         3    ####...
 Mephitic Cloud           Conj/Pois/Air  #.......     85%         3    ####...
 Portal Projectile        Hex/Tloc       #.....       85%         3    ####...
 Regeneration             Chrm/Necr      #.........   85%         3    ####...
 Static Discharge         Conj/Air       #.......     85%         3    ####...
 Vampiric Draining        Necr           #.........   85%         3    ####...
 Airstrike                Air            #.........   99%         4    #####..
 Animate Dead             Necr           N/A          99%         4    #####..
 Cause Fear               Hex            #.........   99%         4    #####..
 Leda's Liquefaction      Hex/Erth       #.........   99%         4    #####..
 Passage of Golubria      Tloc           N/A          99%         4    #####..
 Petrify                  Tmut/Erth      #.......     99%         4    #####..
 Lee's Rapid Deconstruct  Erth           #.........   100%        5    ######.
 Lightning Bolt           Conj/Air       #.........   100%        5    ######.
 Metabolic Englaciation   Hex/Ice        #.........   100%        5    ######.
 Yara's Violent Unravell  Hex/Tmut       #.........   100%        5    ######.
 Darkness                 Hex            #.........   100%        6    #######
 Freezing Cloud           Conj/Ice/Air   #.........   100%        6    #######
 Invisibility             Hex            #.......     100%        6    #######
 Ring of Flames           Chrm/Fire      #.........   100%        7    #######


Dungeon Overview and Level Annotations

Branches:
Dungeon (14/15)            Temple (1/1) D:5            Lair (6/6) D:9
 Shoals (1/4) Lair:3       Spider (4/4) Lair:4        Slime (0/5) Lair:5
    Orc (1/2) D:12         Vaults (2/5) D:14        Ossuary (visited)
 Bailey (visited)           IceCv (visited)         Volcano (visited)
Gauntlet (visited)
  Crypt: Vaults:2-3

Altars:
Ashenzari
Cheibriados
Dithmenos
Elyvilon
Fedhas
Gozag
Hepliaklqana
Kikubaaqudgha
Makhleb
Nemelex Xobeh
Qazlal
Ru
Sif Muna
Trog
Uskayaw
Vehumet
Wu Jian
Xom
Yredelemnul
Zin
The Shining One

Shops:
D:8 :   D:11 =   D:12 !

Annotations:
D:6 Prince Ribbit
Spider:3 Roxanne


Innate Abilities, Weirdness & Mutations

((You reflexively headbutt those who attack you in melee.))
((You have a pair of horns on your head.))
((You are partially covered in large bone plates. (SH +4)))
You are somewhat resistant to both further mutation and mutation removal.
You are robust. (+10% HP)
((You are resistant to electric shocks. (rElec)))


Message History

The deep troll shaman barely misses you.
The deep troll shaman claws you. x2; The deep troll barely misses you.
The deep troll misses you. The deep troll claws you!
The ogre barely misses you. The centaur closely misses you.
You bite the deep troll shaman!
The deep troll shaman is lightly wounded.
The ironbrand convoker points at the ogre and mumbles some strange words.
The ogre seems to grow stronger.
The deep troll shaman bites you!!
* * * LOW HITPOINT WARNING * * *
The deep troll shaman claws you!
* * * LOW HITPOINT WARNING * * *
The deep troll shaman claws you!
* * * LOW HITPOINT WARNING * * *
The centaur completely misses you. The deep troll bites you!
* * * LOW HITPOINT WARNING * * *
The deep troll claws you.
* * * LOW HITPOINT WARNING * * *
The deep troll claws you!
You die...
Xom is highly amused!

...####...#.....# ....
.########.#.....# .... ....#
..........'.....# .....#....#
..........#.....# .....#....#
###'#######.....#......#....#
..............(.#......#....#
................'......#....#
.....#########.T########....#
.....#.......#..hcc.........#
.....#.......#.TOp..........#
.....#.....(.#..c...........#
.....#.......#..............#
.....#.......#........###...#
.....#.......'.......##.#...#
.....#.......#......##..#...#
.....#.......#.....##..(#..(#
.....#########)...##...(#...#


You could see a centaur warrior, a deep troll, an ironbrand convoker, a deep
troll shaman, an ogre and 2 centaurs.

Vanquished Creatures
  Arachne (Spider:3)
  4 ghost moths
  An orc warlord (Bailey)
  3 vault wardens (Vaults:1)
  9 emperor scorpions
  2 ironheart preservers
  2 entropy weavers (Spider:4)
  2 minotaurs
  Snorg (D:12)
  The ghost of Oluanan the Fighter, a journeyman DsFi of Hepliaklqana (Lair:3)
  A spark wasp (Spider:4)
  A deep elf death mage (Vaults:2)
  2 merfolk impalers (Shoals:1)
  A merfolk javelineer (Shoals:1)
  Josephine (Spider:1)
  Fannar (D:11)
  4 vault guards
  2 ice dragons (IceCv)
  Erolcha (D:9)
  6 hydras
  2 centaur warriors
  2 merfolk aquamancers (Shoals:1)
  A death knight (D:14)
  5 two-headed ogres
  A deep troll shaman (Vaults:1)
  5 death yaks (Lair:6)
  2 ogre magi (Vaults:1)
  2 deep troll earth magi (Vaults:1)
  A shock serpent (Spider:1)
  Sonja (D:13)
  An unseen horror (D:13)
  A fire crab (Volcano)
  A deep troll (Vaults:1)
  A phantasmal warrior (D:14)
  A deep elf archer (Vaults:1)
  A lindwurm (Volcano)
  A necromancer (D:14)
  3 wizards
  3 orc knights
  10 orb spiders
  A manticore (shapeshifter) (Vaults:1)
  3 fauns (Shoals:1)
  28 wolf spiders
  An orc sorcerer (Vaults:1)
  7 ugly things
  A moth of wrath (Gauntlet)
  A cyclops (D:14)
  A deep elf mage (D:14)
  8 elephants
  Maurice (D:11)
  2 ice statues (IceCv)
  A vault sentinel (Vaults:1)
  Psyche (D:11)
  A black mamba (Lair:3)
  2 torpor snails
  9 yaktaurs (Vaults:1)
  14 spiny frogs
  2 kobold demonologists
  A centaur skeleton (D:8)
  3 demonic crawlers
  5 rime drakes
  An efreet (D:14)
  A freezing wraith (D:14)
  7 komodo dragons
  5 trolls
  17 jumping spiders
  3 polar bears
  7 hornets
  A wind drake (shapeshifter) (D:6)
  7 hippogriffs
  A meliai zombie (D:12)
  2 large abominations (Gauntlet)
  10 blink frogs
  5 slime creatures (D:14)
  62 redbacks
  24 tarantellas
  12 spriggans (Lair:5)
  Sigmund (D:6)
  A vampire (D:8)
  3 basilisks
  15 humans (D:14)
  8 wyverns
  34 yaks
  4 vampire mosquitoes (D:13)
  2 hungry ghosts
  4 wraiths
  3 small abominations (Gauntlet)
  3 steam dragons (Volcano)
  Edmund (D:5)
  A spatial vortex (Lair:1)
  A swamp worm (Vaults:2)
  3 wargs (D:9)
  An acid dragon (Vaults:1)
  2 hell hounds (Volcano)
  Duvessa (D:4)
  7 porcupines
  8 water moccasins
  A slave (D:6)
  20 orc warriors
  17 ice beasts
  A black bear (Lair:2)
  A necrophage (D:14)
  3 eyes of draining
  3 phantoms (D:9)
  2 sky beasts
  3 boggarts (Lair:5)
  9 ogres
  22 wolves (Lair:1)
  4 centaurs
  3 big kobolds
  11 crocodiles
  14 bullfrogs
  5 scorpions
  Dowan (D:4)
  2 howler monkeys (D:9)
  4 wights (D:5)
  3 electric eels
  8 crimson imps
  2 bullfrog zombies
  5 jellies
  2 bullfrog skeletons (D:8)
  4 hounds
  6 orc priests
  Crazy Yiuf (D:3)
  A human zombie (Ossuary)
  20 orc wizards
  4 centaur zombies
  6 iguanas
  4 worker ants
  Natasha (thrice) (D:4 D:3)
  2 big kobold zombies (Ossuary)
  2 hound zombies
  2 hound skeletons
  2 mummies (Ossuary)
  2 worker ant zombies (D:9)
  21 gnolls
  9 adders
  3 shadow imps
  2 oozes
  2 adder skeletons
  3 worms
  2 dart slugs
  9 leopard geckos
  51 orcs
  3 ball pythons
  8 bats
  6 giant cockroaches
  29 goblins
  17 hobgoblins
  16 jackals
  7 quokkas
  6 frilled lizards
  5 goblin zombies (Ossuary)
  8 hobgoblin zombies (Ossuary)
  3 jackal skeletons
  A jackal zombie (Ossuary)
  12 kobolds
  6 kobold zombies (Ossuary)
  A leopard gecko skeleton (D:9)
  7 orc zombies (Ossuary)
  4 quokka skeletons
  5 rats
  A rat zombie (Ossuary)
  A plant (Lair:4)
905 creatures vanquished.

Vanquished Creatures (collateral kills)
  A merfolk javelineer (Shoals:1)
  Pikel (D:6)
  A jumping spider (Spider:4)
  2 redbacks
  A tarantella (Spider:3)
  An ice beast (D:6)
  2 orc warriors (D:6)
  A bullfrog (D:6)
  An orc priest (D:6)
  An orc wizard (D:6)
  2 iguanas (D:6)
  A worker ant (D:6)
  2 orcs (D:6)
  A giant cockroach (D:6)
  A quokka zombie (D:6)
19 creatures vanquished.

Vanquished Creatures (others)
  A redback (Spider:1)
  2 vampire mosquitoes (D:13)
  A slave (D:6)
  A rat zombie (D:6)
  5 fungi
  4 plants
  4 toadstools (D:1)
18 creatures vanquished.

Grand Total: 942 creatures vanquished

Notes
Turn   | Place    | Note
-------+----------+-------------------------------------------
     0 | D:1      | CyclopB the Minotaur Fighter began the quest for the Orb.
     0 | D:1      | Reached XP level 1. HP: 19/19 MP: 0/0
   132 | D:1      | Reached XP level 2. HP: 24/26 MP: 1/1
   198 | D:1      | Reached skill level 3 in Axes
   518 | D:1      | Reached XP level 3. HP: 31/31 MP: 2/2
   968 | D:3      | Reached skill level 4 in Axes
   968 | D:3      | Reached XP level 4. HP: 13/39 MP: 3/3
  1295 | D:2      | Reached skill level 5 in Axes
  1454 | D:2      | Reached XP level 5. HP: 44/45 MP: 4/4
  2199 | D:4      | Reached skill level 6 in Axes
  2215 | D:4      | Reached skill level 1 in Dodging
  2388 | D:4      | Noticed Natasha
  2391 | D:4      | Gained mutation: You are robust. (+10% HP) [potion of
                  | mutation]
  2391 | D:4      | Gained mutation: You are somewhat resistant to further
                  | mutation. [potion of mutation]
  2405 | D:4      | Killed Natasha
  2519 | D:4      | Reached XP level 6. HP: 56/56 MP: 5/5
  2598 | D:4      | Noticed Natasha
  2617 | D:4      | Killed Natasha
  2688 | D:4      | Noticed Dowan
  2689 | D:4      | Noticed Duvessa
  2744 | D:4      | Noticed Natasha
  2771 | D:3      | Killed Natasha
  2771 | D:3      | Reached skill level 7 in Axes
  2793 | D:4      | Killed Dowan
  2870 | D:4      | Killed Duvessa
  2919 | D:4      | Reached skill level 8 in Axes
  2919 | D:4      | Reached XP level 7. HP: 37/62 MP: 4/6
  3093 | D:4      | Found the +27 Lear's hauberk
  3186 | D:5      | Entered Level 5 of the Dungeon
  3288 | D:3      | Reached skill level 9 in Axes
  3388 | D:3      | Found a runed translucent door.
  3389 | D:3      | Noticed Crazy Yiuf
  3400 | D:3      | Killed Crazy Yiuf
  3565 | D:5      | Got a pitted chain mail
  3596 | D:5      | Identified the +1 chain mail of Xommoyl {rElec rC+ Int-5
                  | Slay+4} (You found it on level 5 of the Dungeon)
  3596 | D:5      | Lost intelligence.
  3645 | D:5      | Reached skill level 10 in Axes
  3645 | D:5      | Reached XP level 8. HP: 70/70 MP: 2/7
  3744 | D:5      | Noticed Edmund
  3781 | D:5      | Reached skill level 5 in Armour
  3872 | D:5      | Killed Edmund
  3872 | D:5      | Reached skill level 11 in Axes
  4006 | D:5      | Found a staircase to the Ecumenical Temple.
  4024 | Temple   | Entered the Ecumenical Temple
  4133 | Temple   | Became a worshipper of Xom of Chaos
  4253 | D:6      | XOM: noise
  4263 | D:6      | XOM: divination: detect creatures
  4333 | D:6      | XOM: 2-stop teleportation journey
  4447 | D:6      | XOM is BORED!
  4447 | D:6      | XOM: confusion
  4454 | D:6      | Reached skill level 12 in Axes
  4460 | D:6      | Noticed a shapeshifter
  4460 | D:6      | a slave changed into a shapeshifter
  4460 | D:6      | XOM: polymorph slave -> shapeshifter
  4460 | D:6      | Noticed a wind drake
  4460 | D:6      | a shapeshifter changed into a wind drake
  4481 | D:6      | Killed a wind drake
  4490 | D:6      | Noticed Pikel
  4513 | D:6      | Killed Pikel
  4513 | D:6      | Reached XP level 9. HP: 58/77 MP: 8/8
  4538 | D:6      | Noticed Prince Ribbit
  4548 | D:6      | Reached skill level 13 in Axes
  4597 | D:6      | Found a sand-covered staircase.
  4606 | Ossuary  | Entered an ossuary
  4873 | D:6      | Noticed Sigmund
  4886 | D:6      | Killed Sigmund
  4959 | D:7      | XOM: confusion
  4995 | D:7      | Reached skill level 14 in Axes
  5147 | D:8      | XOM: chaos upgrade
  5153 | D:8      | XOM: polymorph orc warrior -> centaur
  5211 | D:8      | Found a flagged portal.
  5235 | Bailey   | Entered a bailey
  5265 | Bailey   | Reached skill level 15 in Axes
  5320 | Bailey   | Reached XP level 10. HP: 84/84 MP: 9/9
  5326 | Bailey   | XOM: polymorph orc -> quokka
  5331 | Bailey   | XOM: scenery: 2 fountains blood, 1 doors open
  5340 | Bailey   | XOM: mild Tmut miscast
  5348 | Bailey   | Noticed an orc warlord
  5355 | Bailey   | Noticed an orc knight
  5359 | Bailey   | XOM: enchant monster (good)
  5366 | Bailey   | XOM: confuse monster(s)
  5374 | Bailey   | XOM: confuse monster(s)
  5375 | Bailey   | Killed an orc knight
  5377 | Bailey   | XOM: divination: detect creatures
  5385 | Bailey   | Killed an orc warlord
  5385 | Bailey   | Reached skill level 16 in Axes
  5589 | D:8      | Reached skill level 5 in Shields
  5597 | D:8      | Reached skill level 5 in Fighting
  5881 | D:7      | XOM: mild Erth miscast
  6094 | D:8      | Noticed a two-headed ogre
  6103 | D:8      | Killed a two-headed ogre
  6170 | D:8      | Found Taos's Book Shoppe.
  6222 | D:8      | Reached XP level 11. HP: 86/97 MP: 10/10
  6282 | D:9      | Found a staircase to the Lair.
  6282 | D:9      | XOM: swap monsters
  6291 | D:9      | Reached skill level 17 in Axes
  6322 | Lair:1   | Entered Level 1 of the Lair of Beasts
  6345 | Lair:1   | XOM: noise
  6421 | Lair:1   | XOM: harmless Fire miscast
  6427 | Lair:1   | XOM: polymorph wolf -> big kobold
  6462 | Lair:1   | XOM: medium Summ miscast
  6492 | Lair:1   | XOM: god gift: 32 gold pieces
  6514 | Lair:1   | XOM: blink monster(s)
  6518 | Lair:1   | Reached skill level 18 in Axes
  6544 | Lair:1   | Found a gate leading to a gauntlet.
  6561 | Gauntlet | Entered a Gauntlet
  6561 | Gauntlet | Found a transporter.
  6561 | Gauntlet | Found a large runed translucent door.
  6561 | Gauntlet | Found a large runed translucent door.
  6561 | Gauntlet | Found a large runed translucent door.
  6561 | Gauntlet | Found a large runed translucent door.
  6561 | Gauntlet | Found a large runed translucent door.
  6561 | Gauntlet | Found a large runed translucent door.
  6561 | Gauntlet | Found a runed translucent door.
  6561 | Gauntlet | Found a runed translucent door.
  6561 | Gauntlet | Found a large runed translucent door.
  6561 | Gauntlet | Found a large runed translucent door.
  6561 | Gauntlet | Found a large runed translucent door.
  6561 | Gauntlet | Found a large runed translucent door.
  6561 | Gauntlet | Found a large runed translucent door.
  6561 | Gauntlet | Found a large runed translucent door.
  6563 | Gauntlet | Found a large runed translucent door.
  6563 | Gauntlet | Found a large runed translucent door.
  6563 | Gauntlet | Found a large runed translucent door.
  6563 | Gauntlet | Found a large runed translucent door.
  6566 | Gauntlet | Found a transporter.
  6566 | Gauntlet | Found a runed translucent gate.
  6566 | Gauntlet | Found a runed translucent gate.
  6566 | Gauntlet | Found a runed translucent gate.
  6567 | Gauntlet | Found a transporter.
  6572 | Gauntlet | Found a transporter.
  6573 | Gauntlet | Found a transporter.
  6573 | Gauntlet | Found a transporter.
  6582 | Gauntlet | Noticed a purple ugly thing
  6583 | Gauntlet | Noticed a great orb of eyes
  6584 | Gauntlet | Noticed a cyan ugly thing
  6585 | Gauntlet | Found a transporter.
  6587 | Gauntlet | Found a transporter.
  6620 | Gauntlet | Found a transporter.
  6620 | Gauntlet | Noticed a fire crab
  6633 | Gauntlet | Found a transporter.
  6640 | Gauntlet | Found a transporter.
  6642 | Gauntlet | Noticed a wizard
  6642 | Gauntlet | Noticed a wizard
  6645 | Gauntlet | Found a transporter.
  6700 | Gauntlet | Reached skill level 5 in Dodging
  6835 | Gauntlet | XOM: confuse monster(s)
  6870 | Gauntlet | Noticed a minotaur
  6871 | Gauntlet | XOM: scenery: 1 doors close
  6881 | Gauntlet | XOM: divination: detect creatures
  6888 | Gauntlet | Killed a minotaur
  6907 | Gauntlet | Found the ring of the Octopus King
  6907 | Gauntlet | Got a ring of the Octopus King
  6911 | Gauntlet | Identified a ring of the Octopus King {MP+9 AC+1 EV+1 Str+1
                  | Int+1 Dex+1} (You found it in a Gauntlet)
  6976 | Lair:1   | XOM: noise
  6980 | Lair:1   | XOM: enchant monster (good)
  6987 | Lair:1   | XOM: fog
  6993 | Lair:1   | XOM: 1-stop teleportation journey
  7040 | Lair:1   | Reached XP level 12. HP: 60/105 MP: 11/11
  7049 | Lair:1   | Reached skill level 1 in Evocations
  7234 | Lair:2   | XOM: summons friendly ufetubus
  7303 | Lair:2   | Found a frozen archway.
  7307 | Lair:2   | XOM: divination: detect creatures
  7308 | Lair:2   | Reached skill level 5 in Evocations
  7349 | IceCv    | Entered an ice cave
  7671 | IceCv    | XOM: smoke on damage
  7677 | IceCv    | XOM: confuse monster(s)
  7736 | IceCv    | XOM: god gift: potion of curing
  7759 | IceCv    | Noticed an ice dragon
  7759 | IceCv    | Noticed an ice dragon
  7774 | IceCv    | XOM: summons friendly iron imp
  7774 | IceCv    | XOM: smoke on damage
  7775 | IceCv    | XOM: potion effect (heal wounds)
  7817 | IceCv    | Reached XP level 13. HP: 19/117 MP: 17/17
  7830 | IceCv    | XOM: confuse monster(s)
  7840 | IceCv    | Reached XP level 14. HP: 28/130 MP: 18/18
  7859 | IceCv    | Reached skill level 10 in Fighting
  8236 | IceCv    | Got a faintly glowing diamond amulet
  8302 | Lair:2   | Identified the amulet "Gumionkukk" {Spirit MP+9 Str+4} (You
                  | found it in an ice cave)
  8420 | Lair:3   | Found a staircase to the Shoals.
  8440 | Lair:3   | XOM: harmless Tloc miscast
  8565 | Lair:3   | Noticed Oluanan's ghost (journeyman DsFi)
  8611 | Lair:3   | Found a dark tunnel.
  8628 | Volcano  | Entered a volcano
  8669 | Volcano  | XOM: divination: magic mapping
  8698 | Volcano  | Reached skill level 19 in Axes
  8746 | Volcano  | XOM: god gift: 1750 gold pieces
  8795 | Lair:3   | XOM: cast spell 'Alistair's Intoxication'
  8992 | Lair:3   | XOM: divination: magic mapping
  9008 | Lair:3   | Found a runed translucent gate.
  9009 | Lair:3   | Found a runed translucent gate.
  9011 | Lair:3   | Found a runed translucent gate.
  9202 | Lair:4   | XOM: noise
  9274 | Lair:4   | Found a hole to the Spider Nest.
  9306 | Lair:3   | XOM: cast spell 'Alistair's Intoxication'
  9383 | Spider:1 | Entered Level 1 of the Spider Nest
  9457 | Spider:1 | Noticed an emperor scorpion
  9471 | Spider:1 | XOM: harmless Tloc miscast
  9481 | Spider:1 | XOM: swap monsters
  9485 | Spider:1 | Killed an emperor scorpion
  9577 | Spider:1 | XOM: swap monsters
  9583 | Spider:1 | Reached XP level 15. HP: 48/143 MP: 19/19
  9638 | Lair:5   | Found a staircase to the Slime Pits.
  9677 | Lair:5   | Reached skill level 20 in Axes
  9684 | Lair:5   | XOM: potion effect (curing)
  9736 | Lair:5   | Reached skill level 1 in Throwing
  9825 | Lair:6   | Entered Level 6 of the Lair of Beasts
  9889 | Lair:5   | XOM: snakes to sticks
  9916 | Lair:5   | XOM: 1-stop teleportation journey
  9917 | Lair:5   | XOM: divination: detect items
  9923 | Lair:5   | XOM: harmless Erth miscast
  9966 | Lair:6   | XOM: fog
  9985 | Lair:6   | Reached skill level 10 in Dodging
  9987 | Lair:6   | XOM: summons 11 friendly demons
 10053 | Lair:5   | XOM: 6-stop teleportation journey
 10070 | Lair:5   | XOM: harmless Tmut miscast
 10100 | Lair:5   | XOM: 5-stop teleportation journey
 10152 | Lair:5   | Reached skill level 10 in Armour
 10294 | Lair:5   | Reached skill level 5 in Throwing
 10445 | D:9      | XOM: divination: detect creatures
 10464 | D:9      | Noticed Erolcha
 10469 | D:9      | Killed Erolcha
 10577 | D:9      | XOM: divination: detect creatures
 10615 | D:10     | Entered Level 10 of the Dungeon
 10714 | D:10     | XOM: harmless Pois miscast
 10832 | D:11     | Got a bloodstained plate armour
 10844 | D:11     | Identified the +14 plate armour of Vugg {Int+4 Dex+7} (You
                  | found it on level 11 of the Dungeon)
 10877 | D:11     | Noticed Maurice
 10883 | D:11     | Killed Maurice
 10906 | D:11     | Found Yvvifee's Jewellery Boutique.
 11115 | D:11     | Noticed Psyche
 11118 | D:11     | XOM: destruction
 11121 | D:11     | Killed Psyche
 11135 | D:11     | Noticed Fannar
 11149 | D:11     | Killed Fannar
 11201 | D:11     | XOM: harmless Necr miscast
 11459 | Shoals:1 | Entered Level 1 of the Shoals
 11491 | Shoals:1 | XOM: enchant monster (bad)
 11519 | Lair:3   | XOM: potion effect (brilliance)
 11522 | Lair:3   | Killed Oluanan's ghost
 11545 | Lair:3   | XOM: mild Conj miscast
 11592 | Shoals:1 | XOM: summons 7 friendly demons
 11613 | Shoals:1 | XOM: cast spell 'Discord'
 11790 | Spider:2 | Noticed a ghost moth
 11809 | Spider:1 | Noticed Josephine
 11813 | Spider:1 | XOM: 5-stop teleportation journey
 11835 | Spider:1 | Killed Josephine
 11964 | Spider:2 | XOM: polymorph hornet -> big kobold
 12069 | Spider:2 | XOM: give mutation
 12069 | Spider:2 | Gained mutation: Your system is resistant to poisons.
                  | (rPois) [Xom's grace]
 12209 | Spider:2 | XOM: cleaving
 12211 | Spider:2 | XOM: summons friendly iron imp
 12216 | Spider:1 | XOM: polymorph wolf spider -> shock serpent
 12216 | Spider:1 | HP: 4/152 [wolf spider (4)]
 12539 | Lair:4   | XOM: god gift: 6 gold pieces
 12541 | Lair:4   | XOM: scenery: create altars
 12624 | Lair:6   | Reached XP level 16. HP: 138/161 MP: 20/20
 12642 | Lair:5   | XOM: scenery: create altars
 12667 | Spider:1 | Reached skill level 15 in Fighting
 12692 | Spider:1 | XOM: summons 5 friendly demons
 12704 | Spider:2 | XOM: god gift: wand of random effects (18)
 12896 | Spider:3 | Noticed Arachne
 12897 | Spider:3 | XOM: fake destruction
 12940 | Spider:3 | XOM: summons 14 friendly demons
 13123 | Spider:3 | XOM: polymorph entropy weaver -> six-headed hydra
 13146 | Spider:3 | Killed Arachne
 13229 | Spider:3 | Noticed Roxanne
 13231 | Spider:3 | XOM: god gift: potion of curing
 13286 | Spider:3 | XOM: summons 4 friendly demons
 13313 | Spider:3 | XOM: harmless Ice miscast
 13357 | Spider:3 | XOM: smoke on damage
 13512 | Spider:4 | Entered Level 4 of the Spider Nest
 13608 | Spider:4 | XOM: blink monster(s)
 13610 | Spider:4 | XOM: 1-stop teleportation journey
 13614 | Spider:4 | XOM: noise
 13754 | Spider:4 | XOM: swap monsters
 13820 | Spider:4 | XOM: potion effect (invisibility)
 13929 | Spider:4 | XOM: confuse monster(s)
 14067 | Spider:4 | XOM: confuse monster(s)
 14277 | Spider:4 | XOM: potion effect (heal wounds)
 14415 | Spider:4 | XOM: summons 2 friendly demons
 14425 | Spider:4 | XOM: enchant monster (good)
 14644 | Spider:4 | XOM: noise
 14645 | Spider:4 | Reached XP level 17. HP: 47/173 MP: 22/22
 14943 | Spider:4 | Got a gossamer rune of Zot
 15174 | D:9      | XOM: fog
 15215 | D:9      | XOM: enchant monster (good)
 15318 | D:12     | XOM: harmless Ice miscast
 15340 | D:12     | XOM: summons 1 hostile shadow creature
 15344 | D:12     | Found a staircase to the Orcish Mines.
 15390 | D:12     | XOM: 3-stop teleportation journey
 15423 | D:12     | Noticed Sonja
 15443 | D:12     | Found Yman's Distillery.
 15514 | D:13     | Killed Sonja
 15533 | D:12     | Bought a potion of curing for 45 gold pieces
 15533 | D:12     | Bought a potion of invisibility for 120 gold pieces
 15533 | D:12     | Bought a potion of heal wounds for 75 gold pieces
 15533 | D:12     | Bought a potion of curing for 45 gold pieces
 15533 | D:12     | Bought a potion of resistance for 150 gold pieces
 15572 | D:13     | XOM: destruction
 15706 | D:12     | Noticed Snorg
 15717 | D:12     | Killed Snorg
 15812 | Orc:1    | Entered Level 1 of the Orcish Mines
 15816 | Orc:1    | XOM: chaos upgrade
 15970 | D:13     | XOM: enchant monster (bad)
 16008 | D:14     | XOM: silly message
 16009 | D:14     | Found a blossoming altar of Fedhas.
 16068 | D:14     | Reached skill level 10 in Throwing
 16068 | D:14     | XOM: potion effect (haste)
 16199 | D:14     | XOM: give mutations
 16199 | D:14     | Gained mutation: You are partially covered in large bone
                  | plates. (SH +4) [Xom's grace]
 16199 | D:14     | Gained mutation: You are somewhat resistant to both further
                  | mutation and mutation removal. [Xom's grace]
 16199 | D:14     | Gained mutation: Your muscles are strong. (Str +2) [Xom's
                  | grace]
 16280 | D:14     | XOM: cleaving
 16282 | D:14     | XOM: scenery: create altars
 16288 | D:14     | XOM: confuse monster(s)
 16329 | D:14     | XOM: give mutations
 16329 | D:14     | Gained mutation: You are resistant to electric shocks.
                  | (rElec) [Xom's mischief]
 16329 | D:14     | Lost mutation: Your muscles are strong. (Str +2) [Xom's
                  | mischief]
 16329 | D:14     | Lost mutation: Your system is resistant to poisons. (rPois)
                  | [Xom's mischief]
 16334 | D:14     | Found a gate to the Vaults.
 16350 | Vaults:1 | Entered Level 1 of the Vaults
 16407 | Vaults:1 | XOM: summons 2 hostile demons
 16436 | Vaults:1 | XOM: scenery: 1 fountains blood, 1 doors open, 1 doors
                  | close
 16438 | Vaults:1 | XOM: scenery: 1 doors open, 1 doors close
 16452 | Vaults:1 | XOM: scenery: 1 doors open, 1 doors close
 16853 | Vaults:1 | XOM: fog
 16858 | Vaults:1 | Reached skill level 10 in Evocations
 16930 | Vaults:2 | XOM: polymorph wolf spider -> swamp worm
 16975 | Vaults:1 | XOM: potion effect (heal wounds)
 17009 | Vaults:1 | XOM: harmless Ice miscast
 17111 | Vaults:1 | XOM: god gift: potion of resistance
 17124 | Vaults:1 | HP: 5/173 [deep troll[an ironheart preserver] (8)]
 17124 | Vaults:1 | Mangled by a deep troll

Levels and vault maps discovered:
D:1:      ldierk_water_garden, layout_basic, serial_forest,
          infiniplex_forest_clump_small, infiniplex_forest_end_2,
          infiniplex_forest_clump_C, infiniplex_forest_lined_2,
          infiniplex_forest_clump_small, nrook_campfire, minmay_misc_feat_roman
D:2:      minmay_spotlight, layout_loops_cross, roderic_serpentine_path
D:3:      layout_rooms, uniq_crazy_yiuf_cottage
D:4:      layout_basic, first_ration, uniq_natasha, uniq_duvessa
D:5:      layout_rooms, minmay_temple_entry_large_hall, grunt_ministairs_7,
          uniq_edmund
D:6:      layout_basic, enter_ossuary_3, serial_glass, glass_columns_b,
          glass_columns_b, glass_columns_b, glass_columns_a, glass_columns_a,
          glass_columns_b, glass_columns_c, glass_columns_a, roderic_lattice_a,
          uniq_pikel, uniq_prince_ribbit1, uniq_sigmund
D:7:      layout_rooms
D:8:      layout_basic, serial_shops, shop, enter_bailey_3, grunt_pizzeria,
          kennysheep_small_circle
D:9:      layout_irregular_city, okawaru_altar_gauntlet_db,
          erik_lair_orcish_takeover, serial_shops, nicolae_shop_statue_plus,
          uniq_erolcha
D:10:     layout_stronghold, lightli_church_of_beogh
D:11:     layout_roguey, serial_shops, kennysheep_mini_moat, nicolae_wwwww,
          uniq_fannar, uniq_maurice, uniq_psyche
D:12:     layout_big_octagon, orc_0_dummy, serial_shops,
          nicolae_shop_statue_plus, uniq_sonja, uniq_snorg
D:13:     layout_roguey, corexii_corridor_pit
D:14:     layout_basic, grunt_vaults_entry_tiered, fedhas_altar_3
Temple:   compressed_dpeg_circular_temple
Lair:1:   layout_small_grid, gauntlet_entry_generic, st_stairs_8,
          grunt_forest_large_clearings, infiniplex_staircase_pool_2, uniq_urug
Lair:2:   layout_gridlike, portal_ice_cave_rime, grunt_megastairs_5
Lair:3:   layout_regular_city, elwin_shoals_entry_rocks,
          maelrawn_ghost_gauntlet_escape, nicolae_volcano_entry_hallway,
          lemuel_fruit_fields, lemuel_fruit_tree
Lair:4:   wad_woods_04, layout_gridlike, spider_nest_entry_a
Lair:5:   kb_forest_paths, layout_layer_cave, slime_dummy, beast_lair_carwin_4
Lair:6:   wormcave, layout_gridlike
Shoals:1: layout_shoals, gammafunk_ghost_grave, st_sunken_temple
Spider:1: layout_spider_delve, uniq_josephine
Spider:2: layout_spider_delve, hangedman_spider_trapstep,
          nicolae_spider_cling_ruins
Spider:3: layout_spider_delve, hangedman_spider_mandibles, uniq_arachne,
          uniq_roxanne
Spider:4: grunt_spider_rune_circles
Orc:1:    layout_diamond_mine, nicolae_orc_crystal_geode
Vaults:1: ontoclasm_vaults_misaligned, nicolae_vaults_inception_statues,
          v_pattern_4, nicolae_vaults_three_branches, v_misc_2,
          vaults_dpeg_spiral, nicolae_vaults_little_squares_5,
          ontoclasm_vaults_hangar, v_misc_31, ontoclasm_vaults_fault,
          hangedman_vaults_trim, nicolae_vaults_rhombus_5,
          layout_vaults_chaotic_city
Vaults:2: vaults_dpeg_diagonal, nicolae_vaults_diagonal_hallway_8,
          ontoclasm_vaults_decontamination, nicolae_vaults_network_quincunx
          [nicolae_vaults_network_quincunx_subvault,
          nicolae_vaults_network_quincunx_subvault,
          nicolae_vaults_network_quincunx_subvault,
          nicolae_vaults_network_quincunx_subvault,
          nicolae_vaults_network_quincunx_subvault], v_misc_29,
          nicolae_vaults_little_squares_2, v_misc_13, v_misc_24,
          layout_vaults_omnibox, portal_desolation_entry_ruin, serial_shops,
          nicolae_shop_behind_doors, uniq_aizul
